 Dungeon Crawl Stone Soup version 0.30-b1-2-g02819fbbbe (webtiles) character file.

Game seed: 11529662268189394300

18452 LLlMATKO the Fighter (level 12, -1/113 HPs)
             Began as a Minotaur Berserker on Dec 6, 2023.
             Was a High Priest of Trog.
             Succumbed to a skeletal warrior's poison
             ... on level 12 of the Dungeon.
             The game lasted 00:12:20 (11332 turns).

LLlMATKO the Fighter (Minotaur Berserker)          Turns: 11332, Time: 00:12:20

Health: -1/113     AC: 21    Str: 28    XL:     12   Next: 27%
Magic:  0/11       EV: 11    Int:  4    God:    Trog [*****.]
Gold:   733        SH:  0    Dex:  9    Spells: 11/11 levels left

rFire   . . .        q - +0 war axe (freeze)
rCold   . . .        (no shield)
rNeg    . . .        p - +0 plate armour
rPois   +            (helmet restricted)
rElec   .            n - +1 cloak {rPois}
rCorr   .            D - +0 pair of gloves
SInv    .            y - +0 pair of boots
Will    ++...        I - amulet of guardian spirit Stlth
                     d - ring of willpower
HPRegen 0.38/turn    c - ring of willpower
MPRegen 0.12/turn

%: guardian spirit
@: lethally poisoned (-1 -> -5), on berserk cooldown, slowed, very slow
A: horns 2, retaliatory headbutt
a: Renounce Religion, Berserk, Trog's Hand, Brothers in Arms


You were on level 12 of the Dungeon.
You worshipped Trog.
Trog was extremely pleased with you.
You visited 1 branch of the dungeon, and saw 12 of its levels.
You also visited: Sewer.

You collected 733 gold pieces.

Inventory:

Hand Weapons
 j - a +0 war axe
 q - a +0 war axe of freezing (weapon)
 r - a +0 war axe
Missiles
 u - 9 atropa-tipped darts (quivered)
 H - 14 poisoned darts
 K - 3 throwing nets
 M - 2 curare-tipped darts
Armour
 n - a +1 cloak of poison resistance (worn)
 p - a +0 plate armour (worn)
 y - a +0 pair of boots (worn)
 D - a +0 pair of gloves (worn)
Jewellery
 c - a ring of willpower (right hand)
 d - a ring of willpower (left hand)
 I - an amulet of guardian spirit (around neck)
 L - a ring of protection from cold
Wands
 t - a wand of mindburst (26)
 G - a wand of flame (18)
 J - a wand of iceblast (6)
Scrolls
 a - a scroll of silence {unknown}
 e - 4 scrolls of butterflies
 f - 9 scrolls of identify
 i - 3 scrolls of blinking {unknown}
 l - 5 scrolls of teleportation
 o - 2 scrolls of brand weapon {unknown}
 s - a scroll of fear {unknown}
 v - 5 scrolls of noise {unknown}
 x - a scroll of poison {unknown}
 z - a scroll of immolation {unknown}
 C - a scroll of acquirement {unknown}
 E - 2 scrolls of enchant armour {unknown}
 F - 2 scrolls of enchant weapon {unknown}
 N - a scroll of vulnerability {unknown}
Potions
 b - 4 potions of flight
 g - 2 potions of brilliance {unknown}
 h - a potion of haste {unknown}
 k - 9 potions of degeneration
 m - 2 potions of mutation {unknown}
 w - a potion of resistance {unknown}
 A - a potion of might
 B - 3 potions of attraction {unknown}


   Skills:
 + Level 12.7 Fighting
 + Level 12.7 Axes
 + Level 12.5 Armour
 + Level 11.4 Dodging


You had 11 spell levels left.
You didn't know any spells.
Your spell library was empty.

Dungeon Overview and Level Annotations

Branches:
Dungeon (12/15)            Temple (0/1) D:6            Lair (0/5) D:10
    Orc (0/2) D:11          Sewer (visited)

Altars:
Cheibriados
Elyvilon
Hepliaklqana
Kikubaaqudgha
Okawaru
Ru
Yredelemnul
The Shining One

Shops:
D:6 !![(   D:7 (


Innate Abilities, Weirdness & Mutations

You have a pair of horns on your head.
You reflexively headbutt those who attack you in melee.


Message History

* * * LOW HITPOINT WARNING * * *
You barely miss the skeletal warrior.
The skeletal warrior is almost destroyed.
The skeletal warrior hits you from afar with a +0 glaive!!
* * * LOW HITPOINT WARNING * * *
The skeletal warrior hits you but does no damage. x2
Unknown command.
You hit the skeletal warrior but do no damage.
You headbutt the skeletal warrior!
The skeletal warrior is almost destroyed.
Unknown command.
You closely miss the skeletal warrior.
Your headbutt misses the skeletal warrior.
The skeletal warrior is almost destroyed.
The skeletal warrior hits you from afar with a +0 glaive!
* * * LOW HITPOINT WARNING * * *
The skeletal warrior hits you but does no damage.
The skeletal warrior hits you with a +2 war axe of venom!
* * * LOW HITPOINT WARNING * * *
You are lethally poisoned!
You slice the skeletal warrior!!
You destroy the skeletal warrior!
Trog accepts your kill.
* * * LOW HITPOINT WARNING * * *
You feel sick.
Unknown command.
Unknown command.
Unknown command.
* * * LOW HITPOINT WARNING * * *
You feel sick.
You feel a strong urge to attack something.
You are no longer berserk.
You are exhausted.
You feel yourself slow down.
* * * LOW HITPOINT WARNING * * *
You feel sick.
The skeletal warrior hits you from afar with a +0 glaive.
* * * LOW HITPOINT WARNING * * *
Unknown command.
You die...

#.... #.... #....
.#....######+####
................#
................#
.......z........#
.!....).........#
......)z..@.....#
.#######+##..<..#
#.....# #.....#
#.....# #.....#
#.....# #.....#
#.....#


You could see 2 skeletal warriors.

Vanquished Creatures
  Erica (D:8)
  3 two-headed ogres
  2 skeletal warriors (D:12)
  A manticore (D:11)
  A cyclops (D:11)
  Maurice (D:8)
  Maggie (D:8)
  Prince Ribbit (D:8)
  4 trolls
  2 shadows
  13 yaks
  6 wyverns
  Eustachio (D:4)
  A basilisk (D:10)
  4 hogs (D:7)
  A human (D:7)
  3 acid dragons
  Menkaure (D:4)
  2 water moccasins
  3 black bears (D:10)
  5 orc warriors
  2 sky beasts
  4 ice beasts
  An ogre (D:5)
  A wolf (D:10)
  3 centaurs
  7 phantoms
  2 kobold brigands
  Blork the orc (D:4)
  A bullfrog (D:9)
  A gnoll sergeant (D:10)
  3 scorpions
  A wyvern zombie (D:8)
  22 wights
  A troll zombie (D:11)
  12 killer bees
  12 howler monkeys
  4 hounds
  5 jellies
  3 centaur zombies (D:8)
  3 orc priests
  A gnoll bouda (D:9)
  Jessica (D:2)
  2 sleepcaps
  An iguana (D:10)
  12 orc wizards
  2 killer bee zombies (D:8)
  An ogre zombie (D:11)
  2 howler monkey zombies (D:8)
  6 gnolls
  5 river rats (Sewer)
  7 adders
  2 shadow imps (D:6)
  2 white imps
  2 worms
  3 dart slugs
  28 orcs
  11 ball pythons
  16 bats
  4 endoplasms
  6 giant cockroaches
  3 goblins
  9 hobgoblins
  9 jackals
  18 kobolds
  2 quokkas (D:3)
  8 frilled lizards
  A goblin zombie (D:11)
  A hobgoblin skeleton (D:11)
  3 hobgoblin zombies (D:11)
  An orc skeleton (D:11)
  2 orc zombies (D:11)
  5 rats
322 creatures vanquished.

Vanquished Creatures (collateral kills)
  A boulder beetle (D:11)
  An ugly thing (D:11)
  2 yaks (D:11)
  2 shadows (D:11)
  2 troll zombies (D:11)
  4 ogre zombies (D:11)
  3 goblin zombies (D:11)
  2 hobgoblin skeletons (D:11)
  A hobgoblin zombie (D:11)
  An orc skeleton (D:11)
  10 orc zombies (D:11)
29 creatures vanquished.

Vanquished Creatures (others)
  4 plants (D:10)
4 creatures vanquished.

Grand Total: 355 creatures vanquished

Notes
Turn   | Place    | Note
-------+----------+-------------------------------------------
     0 | D:1      | LLlMATKO the Minotaur Berserker began the quest for the
                  | Orb.
     0 | D:1      | Reached XP level 1. HP: 19/19 MP: 0/0
    52 | D:1      | Reached XP level 2. HP: 27/27 MP: 1/1
   431 | D:1      | Reached XP level 3. HP: 19/33 MP: 2/2
   991 | D:2      | Reached ** piety under Trog
  1293 | D:2      | Reached XP level 4. HP: 40/40 MP: 3/3
  1324 | D:2      | Found a faded altar of an unknown god.
  1481 | D:2      | Noticed Jessica
  1487 | D:2      | Killed Jessica
  1837 | D:3      | Identified the +10 dagger of Debt {vamp, Dex+3}
  1847 | D:3      | Found a glowing drain.
  1865 | Sewer    | Entered a sewer
  2107 | Sewer    | Reached XP level 5. HP: 46/47 MP: 4/4
  2276 | Sewer    | Reached *** piety under Trog
  2618 | D:3      | Reached skill level 5 in Axes
  2744 | D:3      | Found a sacrificial altar of Ru.
  2748 | D:3      | Found an iron altar of Okawaru.
  2815 | D:3      | Reached skill level 5 in Fighting
  3474 | D:4      | Reached XP level 6. HP: 16/56 MP: 5/5
  3690 | D:4      | Noticed Menkaure
  3693 | D:4      | Found a white marble altar of Elyvilon.
  3697 | D:4      | Killed Menkaure
  3761 | D:4      | Noticed Eustachio
  3774 | D:4      | Killed Eustachio
  3775 | D:4      | Reached skill level 5 in Armour
  3775 | D:4      | Reached XP level 7. HP: 61/62 MP: 6/6
  3911 | D:4      | Reached **** piety under Trog
  3914 | D:4      | Noticed Blork the orc
  3920 | D:4      | Killed Blork the orc
  4324 | D:5      | Entered Level 5 of the Dungeon
  4330 | D:5      | Reached skill level 5 in Dodging
  4340 | D:5      | Reached XP level 8. HP: 71/71 MP: 7/7
  4549 | D:5      | Found an ancient bone altar of Kikubaaqudgha.
  5005 | D:6      | Found Ynkooson's Antique Weapon Emporium.
  5315 | D:6      | Found Citydirch's Armour Emporium.
  5436 | D:6      | Found a staircase to the Ecumenical Temple.
  5527 | D:6      | Found Jekleigatt's Distillery.
  5544 | D:6      | Reached ***** piety under Trog
  5635 | D:6      | Reached XP level 9. HP: 75/81 MP: 8/8
  5890 | D:6      | Found Jedije's Distillery.
  6485 | D:7      | Found Muguim's Antique Weapon Boutique.
  6544 | D:7      | Found a glowing golden altar of the Shining One.
  6605 | D:7      | Found a hazy altar of Hepliaklqana.
  6967 | D:8      | Noticed Maggie
  6973 | D:8      | Killed Maggie
  6974 | D:8      | Reached XP level 10. HP: 91/91 MP: 9/9
  7074 | D:8      | Noticed Erica
  7086 | D:8      | Received a gift from Trog
  7095 | D:8      | Killed Erica
  7096 | D:8      | Reached skill level 10 in Fighting
  7096 | D:8      | Reached skill level 10 in Axes
  7269 | D:8      | Reached skill level 10 in Armour
  7299 | D:8      | Noticed Maurice
  7322 | D:8      | Killed Maurice
  7383 | D:8      | Found a basalt altar of Yredelemnul.
  7804 | D:8      | Noticed Prince Ribbit
  7823 | D:8      | Killed Prince Ribbit
  7943 | D:8      | Reached XP level 11. HP: 101/101 MP: 10/10
  9010 | D:9      | Noticed a two-headed ogre
  9020 | D:9      | Killed a two-headed ogre
  9128 | D:9      | You fall into a shaft and drop 2 floors!
  9140 | D:11     | Noticed a white ugly thing
  9141 | D:11     | Noticed a boulder beetle
  9145 | D:11     | Killed a white ugly thing
  9146 | D:11     | Reached skill level 10 in Dodging
  9146 | D:11     | Killed a boulder beetle
  9157 | D:11     | Found a staircase to the Orcish Mines.
  9170 | D:11     | Received a gift from Trog
  9262 | D:10     | Entered Level 10 of the Dungeon
  9712 | D:9      | Found a snail-covered altar of Cheibriados.
 10072 | D:10     | Found a staircase to the Lair.
 10164 | D:10     | Noticed a two-headed ogre
 10171 | D:10     | Killed a two-headed ogre
 10321 | D:10     | Reached XP level 12. HP: 85/112 MP: 7/11
 11310 | D:12     | Noticed a two-headed ogre
 11317 | D:12     | Killed a two-headed ogre
 11328 | D:12     | HP: 7/169 [skeletal warrior/+2 war axe of venom (12)]
 11331 | D:12     | HP: 2/113 [poisoned by a skeletal warrior]
 11332 | D:12     | Succumbed to a skeletal warrior's poison

Illustrated notes

Levels and vault maps discovered:
D:1:      nicolae_arrival_somewhat_less_tricky_arrival, layout_basic
D:2:      layout_loops_ring, chequers_ecumenical_altar_island, uniq_jessica
D:3:      layout_loops_corners, grunt_temple_overflow_open,
          portal_sewer_entry_f, feat_on_display
D:4:      layout_basic, elyvilon_altar_3, minmay_misc_feat_four_crosses,
          amcnicky_mini_corridor_feature, uniq_blork_the_orc, uniq_eustachio,
          uniq_menkaure
D:5:      layout_cave_pools, old_standard_altar, minmay_misc_feat_hallway
D:6:      layout_loops_corners, temple_hall, serial_shops,
          nicolae_shop_statue_plus, kennysheep_mini, shop,
          nicolae_shop_tiny_glass, dreamdust_princess_bridge
D:7:      layout_cave_pools, mainiacjoe_overflow_small_starburst,
          nicolae_hepliaklqana_hippocampus, serial_shops, shop_fountains,
          grunt_livestock, st_stairs_14
D:8:      layout_gridville, nicolae_yredelemnul_corpse_copse,
          kennysheep_generic_room_9, uniq_maggie, uniq_erica,
          uniq_prince_ribbit1, uniq_maurice
D:9:      layout_basic, chei_slow_surprise
D:10:     layout_loops_cross, minmay_lair_entry_grove
D:11:     layout_cave_pools, zombieorc2_lemuel
D:12:     layout_grid_maze, uniq_rupert

Skill      XL: |  1  2  3  4  5  6  7  8  9 10 11 |
---------------+----------------------------------+-----
Fighting       | 4 5 6 7 9 10 12 | 12.7
Axes           | 4 5 6 7 9 10 12 | 12.7
Armour         | 3 4 5 6 7 9 10 12 | 12.5
Dodging        | 3 4 5 6 8 9 11 | 11.4

Action                     |  1- 3 |  4- 6 |  7- 9 | 10-12 || total
---------------------------+-------+-------+-------+-------++-------
  Melee: Hand axe          |    60 |       |       |       ||    60
         Headbutt          |     6 |    23 |    26 |    63 ||   118
         Punch             |     2 |     1 |       |     1 ||     4
         War axe           |    24 |   145 |   179 |   380 ||   728
  Throw: Dart              |       |       |       |    14 ||    14
 Invoke: Berserk           |     1 |     1 |     3 |     4 ||     9
         Brothers in Arms  |       |       |       |     2 ||     2
         Trog's Hand       |       |       |       |     1 ||     1
    Use: Scroll            |       |     3 |       |       ||     3
         Potion            |       |     2 |       |       ||     2
 Armour: Animal skin       |     8 |       |       |       ||     8
         Chain mail        |     9 |    73 |       |       ||    82
         Plate armour      |       |    26 |   152 |   232 ||   410
  Dodge: Dodged            |    56 |    84 |    87 |   207 ||   434
